 Dungeon Crawl Stone Soup version 0.20-a0-1014-g171fa7a (webtiles) character file.

836 Magifyre the Shield-Bearer (level 8, -6/64 HPs)
             Began as a Formicid Fighter on Apr 15, 2017.
             Was a Follower of the Shining One.
             Mangled by an orc warrior
             ... wielding a +0 scimitar
              (13 damage)
             ... on level 6 of the Dungeon.
             The game lasted 00:14:26 (3847 turns).

Magifyre the Shield-Bearer (Formicid Fighter)       Turns: 3847, Time: 00:14:26

Health: -6/64      AC: 12    Str: 21    XL:     8   Next: 19%
Magic:  8/8        EV:  3    Int:  8    God:    the Shining One [*.....]
Gold:   309        SH: 15    Dex: 12    Spells: 7/7 levels left

rFire    . . .     SeeInvis +   a - +0 war axe
rCold    . . .     Gourm    .   i - +0 large shield
rNeg     . . .     Faith    .   l - +0 plate armour
rPois    +         Spirit   .   (helmet unavailable)
rElec    .         Reflect  .   (no cloak)
rCorr    +         Harm     +   (no gloves)
MR       .....                  (no boots)
Stlth    ..........             s - amulet of harm
Regen    0.2/turn               v - ring of resist corrosion
MPRegen  0.2/turn               q - ring of poison resistance

@: glowing
A: permanent stasis, dig shafts and tunnels, four strong arms, antennae 3
a: Dig, Shaft Self, Renounce Religion


You were on level 6 of the Dungeon.
You worshipped the Shining One.
The Shining One was aware of your devotion.
You were not hungry.

You visited 2 branches of the dungeon, and saw 7 of its levels.

You collected 309 gold pieces.

Inventory:

Hand Weapons
 a - a +0 war axe (weapon)
Missiles
 r - 5 tomahawks (quivered)
Armour
 i - a +0 large shield (worn)
 l - a +0 plate armour (worn)
Jewellery
 q - a ring of poison resistance (right hand)
 s - an amulet of harm (around neck)
 v - a ring of resist corrosion (left hand)
Wands
 y - a wand of iceblast (5/15)
 A - a wand of lightning (5/15)
Scrolls
 e - a scroll of recharging {unknown}
 k - 2 scrolls of remove curse
 p - a scroll of magic mapping {unknown}
 u - 2 scrolls of enchant weapon {unknown}
 x - a scroll of fear {unknown}
Potions
 c - 2 potions of mutation {unknown}
 d - 2 potions of might
 m - a potion of agility
 o - 3 potions of resistance
Comestibles
 b - 2 chunks of flesh
 f - 4 bread rations
 h - 4 fruits
 t - 2 royal jellies


   Skills:
 + Level 5.6 Fighting
 + Level 4.8 Axes
 + Level 5.9 Armour
 + Level 6.1 Shields


You had 7 spell levels left.
You didn't know any spells.

Dungeon Overview and Level Annotations

Branches:
Dungeon (6/15)             Temple (1/1) D:4

Altars:
Ashenzari
Cheibriados
Dithmenos
Elyvilon
Fedhas
Gozag
Hepliaklqana
Kikubaaqudgha
Makhleb
Nemelex Xobeh
Okawaru
Ru
Sif Muna
Trog
Uskayaw
Wu Jian
Xom
Yredelemnul
Zin
The Shining One

Shops:
D:5 }


Innate Abilities, Weirdness & Mutations

You cannot be hasted, slowed, berserked, paralysed or teleported.
You can dig through walls and to a lower floor.
Your four strong arms can wield two-handed weapons with a shield.
You have a pair of large antennae on your head. (SInv)


Message History

Unknown command.
You hit the orc warrior but do no damage.
The orc warrior is almost dead.
You hit the orc.
You kill the orc!
The orc warrior hits you with a scimitar!
* * * LOW HITPOINT WARNING * * *
Unknown command.
You hit the orc warrior.
The orc warrior is almost dead.
You block the orc warrior's attack.
Unknown command.
Your shield prevents you from hitting the orc warrior.
The orc warrior is almost dead.
You block the orc warrior's attack. x2
Unknown command.
Your shield and plate armour prevent you from hitting the orc warrior.
The orc warrior is almost dead.
The orc warrior hits you with a scimitar!
You die...

..# ...# ...#
...# ####+
#..#
#....##..#
{#...)....#
#...o@...#
#...)##..#...#
#.... #..#...#
.......
#..##..#
.......
##'##..#
.######
#......#
#......# {
#..##..# {
#..##.<#


You could see an orc warrior.

Vanquished Creatures
  The ghost of bombasticus the Slasher, an amateur MiBe of Trog (D:3)
  3 centaurs
  2 crimson imps (D:5)
  2 hounds
  An orc priest (D:5)
  3 orc wizards
  Jessica (D:2)
  Ijyb (D:4)
  An iguana (D:4)
  3 worker ants
  3 adders
  An ooze (D:3)
  An adder zombie (D:5)
  2 dart slugs (D:2)
  8 leopard geckos
  9 orcs
  9 bats
  4 giant cockroaches
  5 goblins
  5 hobgoblins
  5 jackals
  4 kobolds
  2 quokkas (D:2)
  2 ball pythons
  4 frilled lizards
  A jackal skeleton (D:4)
  A leopard gecko skeleton (D:5)
  A quokka skeleton (D:5)
  2 rats
87 creatures vanquished.

Notes
Turn   | Place    | Note
-------+----------+-------------------------------------------
     0 | D:1      | Magifyre the Formicid Fighter began the quest for the Orb.
     0 | D:1      | Reached XP level 1. HP: 18/18 MP: 1/1
   385 | D:1      | Reached XP level 2. HP: 24/24 MP: 2/2
   732 | D:2      | Reached XP level 3. HP: 28/29 MP: 3/3
   733 | D:2      | Found an iron altar of Okawaru.
   740 | D:2      | Found a white marble altar of Elyvilon.
   788 | D:2      | Noticed Jessica
   803 | D:2      | Killed Jessica
   803 | D:2      | Reached skill level 4 in Shields
   803 | D:2      | Reached XP level 4. HP: 26/37 MP: 4/4
   853 | D:2      | Found a shattered altar of Ashenzari.
   856 | D:2      | Found a hide-covered altar of Uskayaw.
  1366 | D:3      | Reached XP level 5. HP: 27/42 MP: 5/5
  1545 | D:3      | Noticed bombasticus's ghost (amateur MiBe)
  1936 | D:4      | Reached XP level 6. HP: 45/49 MP: 6/6
  2032 | D:4      | Noticed Ijyb
  2073 | D:4      | Killed Ijyb
  2178 | D:4      | Found a staircase to the Ecumenical Temple.
  2183 | Temple   | Entered the Ecumenical Temple
  2262 | Temple   | Became a worshipper of the Shining One
  2643 | D:5      | Entered Level 5 of the Dungeon
  2649 | D:5      | Reached skill level 5 in Shields
  2815 | D:3      | Killed bombasticus's ghost
  2815 | D:3      | Reached skill level 5 in Fighting
  2815 | D:3      | Reached skill level 5 in Armour
  2815 | D:3      | Reached XP level 7. HP: 21/56 MP: 7/7
  3410 | D:5      | Found Wasu Roh's Gadget Shop.
  3603 | D:5      | Reached XP level 8. HP: 61/63 MP: 8/8
  3835 | D:6      | Reached * piety under the Shining One
  3841 | D:6      | Reached skill level 6 in Shields
  3847 | D:6      | Mangled by an orc warrior

Vault maps used:
D:1:      zelgadis_glass_arrival_small, item_on_display_a
D:2:      grunt_temple_overflow_open, uniq_jessica
D:3:      portal_sewer_entry_f
D:4:      temple_statues, uniq_iyjb
D:5:      serial_shops, nicolae_shop_trees, first_bread
Temple:   eino_temple_scatter_basement

Skill      XL: |  1  2  3  4  5  6  7  8 |
---------------+-------------------------+-----
Shields        | 4 5 6 |  6.1
Fighting       | 4 5 |  5.6
Armour         | 4 5 |  5.9
Axes           | 3 4 |  4.8

Action                   |  1- 3 |  4- 6 |  7- 9 || total
-------------------------+-------+-------+-------++-------
Melee: War axe           |    93 |   139 |    85 ||   317
       Hand axe          |       |   110 |       ||   110
  Use: Scroll            |       |       |    10 ||    10
  Eat: Chunk             |       |     6 |     4 ||    10
Armor: Scale mail        |    28 |       |       ||    28
       Plate armour      |    33 |   127 |    45 ||   205
Dodge: Dodged            |    20 |    12 |    11 ||    43
Block: Large shield      |    92 |   186 |    74 ||   352
       Shield            |     5 |       |       ||     5
